 Dungeon Crawl Stone Soup version 0.29.1 (webtiles) character file.

Game seed: 14167047919651353989

99507 raph the Tortoise (level 15, -8/137 HPs)
             Began as a Minotaur Berserker on Sept 12, 2022.
             Was an Elder of Trog.
             Mangled by an alligator (18 damage)
             ... called by a spriggan druid
             ... on level 3 of the Swamp.
             The game lasted 00:44:58 (30851 turns).

raph the Tortoise (Minotaur Berserker)             Turns: 30851, Time: 00:44:59

Health: -8/137     AC: 40    Str: 25    XL:     15   Next: 77%
Magic:  14/14      EV: 12    Int:  7    God:    Trog [****..]
Gold:   1734       SH:  0    Dex: 20    Spells: 14/14 levels left

rFire   . . .      SeeInvis .   a - +1 morningstar (vorpal)
rCold   . . .      Faith    .   U - +2 buckler {rPois}
rNeg    . . .      Spirit   .   V - +2 crystal plate armour
rPois   +          Reflect  .   C - +2 hat {Int+3}
rElec   .          Harm     .   R - +1 cloak {Will+}
rCorr   .          Rampage  .   k - +2 pair of gloves
Will    ++...                   Z - +2 pair of boots
Stlth   ..........              f - amulet of regeneration
HPRegen 1.12/turn               l - +6 ring of dexterity
MPRegen 0.14/turn               Q - +4 ring of protection

@: confused, ambrosia-drunk, corroded, on berserk cooldown, slowed, studying 2
skills, very slow
A: horns 2, retaliatory headbutt
a: Renounce Religion, Berserk, Trog's Hand, Brothers in Arms


You were on level 3 of the Swamp.
You worshipped Trog.
Trog was greatly pleased with you.
You visited 5 branches of the dungeon, and saw 26 of its levels.
You also visited: Gauntlet.

You collected 2403 gold pieces.
You spent 669 gold pieces at shops.

Inventory:

Hand Weapons
 a - a +1 vorpal morningstar (weapon)
 b - a +0 sling
 X - a +1 morningstar
Missiles
 n - 17 curare-tipped darts (quivered)
 w - 2 throwing nets
 B - 20 javelins
Armour
 k - a +2 pair of gloves (worn)
 C - a +2 hat of intelligence (worn)
 E - a +1 kite shield
 J - the -2 hat of the Alchemist {rElec rPois rF+ rC+ rN+ Will+ rMut rCorr}
   (You found it on level 1 of the Lair of Beasts)

   rF:        It protects you from fire.
   rC:        It protects you from cold.
   rElec:     It insulates you from electricity.
   rPois:     It protects you from poison.
   rN:        It protects you from negative energy.
   rCorr:     It protects you from acid and corrosion.
   rMut:      It protects you from mutation.
   Will:      It increases your willpower.
 R - a +1 cloak of willpower (worn)
 U - a +2 buckler of poison resistance (worn)
 V - a +2 crystal plate armour (worn)
 Z - a +2 pair of boots (worn)
Jewellery
 f - an amulet of regeneration (around neck)
 l - a +6 ring of dexterity (left hand)
 s - a +6 ring of dexterity
 H - an amulet of the acrobat
 K - a ring of protection from fire
 P - the ring "Hijoracer" {rPois rCorr Int+6}
   (You found it in a Gauntlet)

   [ring of intelligence]

   Int:       It affects your intelligence (+6).
   rPois:     It protects you from poison.
   rCorr:     It protects you from acid and corrosion.
 Q - a +4 ring of protection (right hand)
 T - the ring "Otienn" {Ice rElec rN+++ Dex-3 Stlth-}
   (You found it in a Gauntlet)

   [ring of ice]

   It enhances your ice magic.
   Dex:       It affects your dexterity (-3).
   rF:        It makes you vulnerable to fire.
   rC:        It protects you from cold.
   rElec:     It insulates you from electricity.
   rN:        It renders you almost immune to negative energy.
   Stlth:     It makes you less stealthy.
Wands
 m - a wand of mindburst (46)
 A - a wand of light (13)
 I - a wand of charming (6)
 L - a wand of flame (29)
 O - a wand of digging (8)
Scrolls
 c - 4 scrolls of magic mapping
 j - a scroll of fear
 q - 2 scrolls of enchant armour
 x - 11 scrolls of teleportation
 y - 3 scrolls of blinking
 D - 6 scrolls of identify
 G - 5 scrolls of fog
 Y - 3 scrolls of summoning
Potions
 d - 4 potions of haste
 e - 2 potions of might
 g - 13 potions of curing
 h - 2 potions of heal wounds
 i - 3 potions of flight
 p - 5 potions of mutation
 r - 4 potions of cancellation
 t - 3 potions of attraction
 u - 2 potions of invisibility
 v - a potion of berserk rage
 F - 2 potions of magic
 M - a potion of ambrosia
 N - a potion of resistance
Miscellaneous
 z - a condenser vane
 S - a phantom mirror


   Skills:
 + Level 13.6 Fighting
 - Level 16.0 Maces & Flails
 + Level 13.5 Ranged Weapons
 - Level 4.0 Throwing
 * Level 18.8 Armour
 + Level 12.4 Dodging
 + Level 12.3 Shields


You had 14 spell levels left.
You didn't know any spells.
Your spell library was empty.

Dungeon Overview and Level Annotations

Branches:
Dungeon (15/15)            Temple (1/1) D:7            Lair (5/5) D:10
  Swamp (3/4) Lair:3        Snake (0/4) Lair:3        Slime (0/5) Lair:5
    Orc (2/2) D:9             Elf (0/3) Orc:2        Vaults (0/5) D:13
 Depths (0/4) D:15        Gauntlet (visited)

Altars:
Ashenzari
Cheibriados
Dithmenos
Elyvilon
Fedhas
Gozag
Hepliaklqana
Kikubaaqudgha
Makhleb
Nemelex Xobeh
Okawaru
Qazlal
Ru
Sif Muna
Trog
Uskayaw
Vehumet
Wu Jian
Xom
Yredelemnul
Zin
The Shining One
Lugonu

Shops:
D:2 :   D:11 :   D:13 *   D:14 [   D:15 *   Orc:2 *([=

Portals:
Abyss: Lair:5

Annotations:
D:13 exclusion: obsidian statue
Swamp:1 exclusion: oklob plant


Innate Abilities, Weirdness & Mutations

You have a pair of horns on your head.
You reflexively headbutt those who attack you in melee.


Message History

The alligator is engulfed in poison gas.
The alligator looks as sick as possible!
The alligator barely misses you.
The alligator tail-slaps you but does no damage.
The alligator is engulfed in poison gas.
The alligator looks as sick as possible!
The alligator bites you.
* * * LOW HITPOINT WARNING * * *
The alligator tail-slaps you but does no damage.
The goliath frog hits you from afar.
* * * LOW HITPOINT WARNING * * *
You are splashed with acid.
* * * LOW HITPOINT WARNING * * *
The alligator is engulfed in poison gas.
The alligator looks as sick as possible!
The alligator bites you but does no damage.
The alligator barely misses you.
You sock the alligator! You headbutt the alligator.
The alligator is severely wounded.
The alligator is engulfed in poison gas.
The alligator looks as sick as possible!
The alligator bites you!
* * * LOW HITPOINT WARNING * * *
The alligator misses you. The goliath frog completely misses you.
The alligator is engulfed in poison gas.
The alligator looks as sick as possible!
The alligator barely misses you.
The alligator tail-slaps you but does no damage.
The alligator is engulfed in poison gas.
The alligator looks as sick as possible!
The alligator bites you but does no damage.
The alligator misses you.
You feel much better. The goliath frog hits you from afar!
* * * LOW HITPOINT WARNING * * *
The acid corrodes you!
You are splashed with acid!
* * * LOW HITPOINT WARNING * * *
The alligator is engulfed in poison gas.
The alligator looks as sick as possible!
The alligator bites you!!
You die...

..~~~~~~...~♣♣♣..~~~~~~~♣ ♣~.~~
♣..~~~~..$♣☼§§§☼§§§§§♣♣♣.~~.~~
♣~~~~§~O.♣§§§§§§☼○§§♣♣♣~~~~~~
♣~~~~§§)♣~§§§§§☼☼§§§.♣..~~~~~
§...♣♣♣..§§.~♣♣☼☼☼§§§○○§...~~.♣♣♣
.....♣♣♣♣♣§☼~♣§§§§§☼○☼§§~..~§)♣ ♣
~~~~~♣♣ ♣♣♣♣§§§§○☼§§§§§~~~~.~♣
~~~~~.♣ ♣♣♣§♣§Ftt§☼§§♣.~~~~~..♣♣♣
~~~~~.♣ ♣○☼§☼§§§@§☼§○♣...>.♣♣...♣
~~~~~~♣♣♣§§§○§§☼§○§§§§☼§.......~.
~~~~~~~..§☼§§☼§☼☼§§§§☼§○~.~.~§~~~
~~~~.~..§§§☼☼§§§§§§§☼§~☼~.~....~~
~.♣~~..~~○~§§☼§§§§~§☼§○§~.♣♣..~~~
♣♣♣~.~.~~§§§§§○§§§§§☼§§§~.♣♣♣..~~
♣~~~.~~☼§§☼§♣♣♣☼§§○☼§☼.~♣ ♣♣.~~
♣....~~☼☼§☼○♣♣♣♣♣♣♣☼§♣.~♣ ♣~..
♣♣~.........♣~..♣♣♣~~♣..♣ ♣♣..


You could see 2 alligators and a goliath frog.

Vanquished Creatures
  Gastronok (D:8)
  Kirke (D:12)
  An orc warlord (Orc:2)
  Azrael (Orc:2)
  A minotaur (Gauntlet)
  A bunyip (Swamp:3)
  A green death (Gauntlet)
  The ghost of Yqoodd the Thaumaturge, a journeyman GnWr of Kikubaaqudgha (D:13)
  Snorg (D:12)
  3 spriggan zombies (D:15)
  6 hydras
  2 boulder beetles
  6 centaur warriors
  An ogre mage (D:11)
  Erolcha (D:12)
  A spriggan air mage (Swamp:3)
  2 dancing weapons (D:13)
  2 death scarabs (Gauntlet)
  6 two-headed ogres
  3 death yaks (Lair:4)
  Erica (Lair:1)
  5 alligators
  A tengu warrior (D:15)
  Urug (Orc:2)
  A spriggan berserker (Swamp:1)
  3 thrashing horrors (Lair:5)
  2 orc high priests
  2 skeletal warriors (D:15)
  4 spriggan druids
  A goliath frog (Swamp:3)
  2 swamp dragons
  A bog body (Swamp:2)
  A necromancer (D:15)
  2 orc knights
  A wizard (D:14)
  4 large abominations (Lair:5)
  16 ugly things
  3 orc sorcerers
  3 will-o-the-wisps
  A wolf spider (Lair:5)
  5 cyclopes
  2 manticores
  5 elephants (Lair:3)
  3 black mambas
  A torpor snail (Lair:5)
  A smoke demon (Lair:5)
  A cane toad (shapeshifter) (Lair:5)
  10 cane toads
  An unseen horror (D:10)
  An unseen horror (shapeshifter) (Lair:5)
  8 komodo dragons
  2 gargoyles (D:12)
  A rime drake (Lair:5)
  An efreet (D:14)
  An ancient zyme (Lair:5)
  3 meliai (D:15)
  A queen bee (shapeshifter) (D:15)
  5 trolls
  6 tyrant leeches
  7 polar bears
  An ettin zombie (D:15)
  7 hornets
  3 slime creatures (D:14)
  10 blink frogs (Lair:5)
  3 dream sheep (Lair:5)
  A culicivora (shapeshifter) (Lair:5)
  11 spriggans
  A shadow (D:10)
  A wyvern (Lair:2)
  2 ynoxinuls (Lair:5)
  39 yaks
  4 wraiths
  2 spectral komodo dragons (Gauntlet)
  2 vampires
  A fire elemental (Orc:2)
  6 basilisks
  9 vampire mosquitoes
  A chaos spawn (Lair:5)
  A steam dragon (D:8)
  6 wargs
  4 swamp worms
  Edmund (D:6)
  A spectral cane toad (Gauntlet)
  4 water moccasins
  An acid dragon (D:12)
  2 hell hounds (Orc:2)
  A meliai simulacrum (D:13)
  28 orc warriors
  3 black bears
  4 swamp drakes
  2 ice beasts (D:6)
  A sky beast (D:8)
  9 centaurs
  4 ogres
  7 wolves (Lair:5)
  A phantom (D:5)
  11 small abominations (Lair:5)
  A necrophage (D:6)
  5 bullfrogs
  A scorpion (D:7)
  7 killer bees
  4 howler monkeys
  5 electric eels
  A lava snake (D:7)
  2 jellies (D:6)
  23 orc priests
  5 hounds
  4 iguanas
  Crazy Yiuf (D:2)
  A gnoll bouda (D:6)
  29 orc wizards
  5 hell rats (Lair:5)
  Robin (D:2)
  A howler monkey skeleton (D:3)
  7 gnolls
  4 adders
  3 white imps
  2 adder skeletons (D:3)
  5 worms
  6 dart slugs
  94 orcs
  4 bats
  6 endoplasms
  4 giant cockroaches
  10 goblins
  8 hobgoblins
  3 jackals (D:5)
  10 kobolds
  5 quokkas
  8 ball pythons
  5 frilled lizards
  8 rats
645 creatures vanquished.

Vanquished Creatures (collateral kills)
  Mlioglotl (Swamp:2)
  A hydra (Swamp:2)
  A vampire mage (D:15)
  An orange demon (Gauntlet)
  A basilisk (D:13)
  A fire elemental (Orc:2)
  An orc warrior (Orc:2)
  An orc wizard (Orc:2)
  An orc (Orc:2)
9 creatures vanquished.

Vanquished Creatures (others)
  2 wizards (D:15)
  A cyclops (D:12)
  2 bloated husks
  A human (D:12)
  An orc wizard (Orc:2)
  2 orcs (D:6)
  16 foxfires
  11 fungi
  54 plants
  3 withered plants
93 creatures vanquished.

Grand Total: 747 creatures vanquished

Notes
Turn   | Place    | Note
-------+----------+-------------------------------------------
     0 | D:1      | raph the Minotaur Berserker began the quest for the Orb.
     0 | D:1      | Reached XP level 1. HP: 19/19 MP: 0/0
   320 | D:1      | Reached XP level 2. HP: 26/26 MP: 1/1
   740 | D:1      | Reached skill level 5 in Maces & Flails
   976 | D:2      | Reached XP level 3. HP: 31/31 MP: 2/2
  1235 | D:2      | Found a faded altar of an unknown god.
  1275 | D:2      | Found Ehaacorph's Book Shop.
  1647 | D:2      | Found a runed translucent door.
  1648 | D:2      | Noticed Crazy Yiuf
  1655 | D:2      | Killed Crazy Yiuf
  1656 | D:2      | Reached XP level 4. HP: 25/39 MP: 3/3
  1702 | D:2      | Noticed Robin
  1736 | D:2      | Killed Robin
  1736 | D:2      | Reached ** piety under Trog
  2387 | D:3      | Identified the +0 robe "Zouleko" {rF++ Will- Int+8 Dex-3}
  2469 | D:3      | Reached XP level 5. HP: 40/45 MP: 4/4
  3556 | D:4      | Noticed a black bear
  3563 | D:4      | Killed a black bear
  3564 | D:4      | Reached XP level 6. HP: 51/51 MP: 5/5
  3640 | D:4      | Reached *** piety under Trog
  4375 | D:5      | Entered Level 5 of the Dungeon
  4388 | D:5      | Reached XP level 7. HP: 34/57 MP: 6/6
  4427 | D:5      | Reached skill level 10 in Maces & Flails
  5391 | D:6      | Reached XP level 8. HP: 64/64 MP: 7/7
  6016 | D:6      | Noticed Edmund
  6021 | D:6      | Killed Edmund
  7432 | D:6      | Reached XP level 9. HP: 71/71 MP: 8/8
  7588 | D:7      | Reached skill level 1 in Ranged Weapons
  7588 | D:7      | Reached skill level 1 in Throwing
  7797 | D:7      | Reached skill level 3 in Armour
  7951 | D:7      | Found a staircase to the Ecumenical Temple.
  8072 | D:7      | Found an opulent altar of Gozag.
  8093 | Temple   | Entered the Ecumenical Temple
  8172 | D:7      | Found a shimmering altar of Xom.
  8283 | D:8      | Noticed a two-headed ogre
  8307 | D:8      | Killed a two-headed ogre
  8308 | D:8      | Reached skill level 5 in Fighting
  8308 | D:8      | Reached skill level 4 in Armour
  8369 | D:8      | Found an ancient bone altar of Kikubaaqudgha.
  8370 | D:8      | Found a sacrificial altar of Ru.
  8370 | D:8      | Found a hazy altar of Hepliaklqana.
  8370 | D:8      | Found a snail-covered altar of Cheibriados.
  8418 | D:8      | Noticed Gastronok
  8435 | D:8      | Killed Gastronok
  8436 | D:8      | Reached skill level 5 in Armour
  8436 | D:8      | Reached XP level 10. HP: 58/83 MP: 9/9
  9086 | D:9      | Found a staircase to the Orcish Mines.
  9097 | D:8      | Reached skill level 5 in Dodging
  9097 | D:8      | Reached **** piety under Trog
  9338 | D:9      | Reached skill level 1 in Shields
  9670 | D:9      | Found a glowing silver altar of Zin.
 10067 | D:10     | Entered Level 10 of the Dungeon
 10099 | D:10     | Reached skill level 6 in Armour
 10112 | D:10     | Reached skill level 15 in Maces & Flails
 10112 | D:10     | Reached skill level 5 in Ranged Weapons
 10171 | D:10     | Reached XP level 11. HP: 82/92 MP: 10/10
 11062 | D:10     | Noticed a two-headed ogre
 11070 | D:10     | Killed a two-headed ogre
 11071 | D:10     | Reached skill level 7 in Armour
 11248 | D:10     | Noticed a seven-headed hydra
 11258 | D:10     | Killed a seven-headed hydra
 11384 | D:10     | Found a staircase to the Lair.
 12009 | Lair:1   | Entered Level 1 of the Lair of Beasts
 12175 | Lair:1   | Found the -2 hat of the Alchemist {rElec rPois rF+ rC+ rN+
                  | Will+ rMut rCorr}
 12283 | Lair:1   | Identified the +1 mace "Vavishropi" {vorpal, rPois rCorr
                  | MP+9}
 12760 | Lair:1   | Noticed Erica
 12780 | Lair:1   | Killed Erica
 12781 | Lair:1   | Reached skill level 5 in Shields
 12850 | Lair:2   | Noticed a five-headed hydra
 12857 | Lair:2   | Killed a five-headed hydra
 13113 | Lair:2   | Reached skill level 8 in Armour
 13664 | Lair:3   | Found a staircase to the Snake Pit.
 13681 | Lair:3   | Reached XP level 12. HP: 84/103 MP: 11/11
 13755 | Lair:3   | Found a staircase to the Swamp.
 13804 | Lair:3   | Noticed a seven-headed hydra
 13815 | Lair:3   | Killed a seven-headed hydra
 14731 | Lair:4   | Found a gate leading to a gauntlet.
 14761 | Gauntlet | Entered a Gauntlet
 14761 | Gauntlet | Noticed a death scarab
 14761 | Gauntlet | Found a transporter.
 14761 | Gauntlet | Found a transporter.
 14767 | Gauntlet | Found a transporter.
 14781 | Gauntlet | Found a transporter.
 14796 | Gauntlet | Noticed a green death
 14798 | Gauntlet | Found a transporter.
 14798 | Gauntlet | Found a transporter.
 14800 | Gauntlet | Found a transporter.
 14800 | Gauntlet | Found a transporter.
 14802 | Gauntlet | Noticed a death scarab
 14805 | Gauntlet | Found a runed translucent door.
 14810 | Gauntlet | Found a runed translucent door.
 14812 | Gauntlet | Found a transporter.
 14825 | Gauntlet | Noticed a death scarab
 14828 | Gauntlet | Found a transporter.
 14838 | Gauntlet | Found a transporter.
 14852 | Gauntlet | Found a transporter.
 14872 | Gauntlet | Found a transporter.
 14872 | Gauntlet | Found a transporter.
 14910 | Gauntlet | Identified the ring "Hijoracer" {rPois rCorr Int+6}
 14930 | Gauntlet | Reached skill level 9 in Armour
 14932 | Gauntlet | Killed a green death
 15020 | Gauntlet | Killed a death scarab
 15030 | Gauntlet | Killed a death scarab
 15047 | Gauntlet | Identified the ring "Otienn" {Ice rElec rN+++ Dex-3 Stlth-}
 15170 | Gauntlet | Identified the +3 war axe of Purpose {pain, rPois Int+3}
 15170 | Gauntlet | Noticed a minotaur
 15190 | Gauntlet | Killed a minotaur
 15410 | Lair:4   | Reached skill level 10 in Fighting
 15616 | Lair:4   | Identified the +6 trident "Ibbawih" {freeze, rC+ rN+}
 15620 | Lair:4   | Identified the +1 ring mail of Ohenaint {Int+4}
 15669 | Lair:4   | Noticed a death yak
 15670 | Lair:4   | Noticed a death yak
 15678 | Lair:4   | Noticed a death yak
 15679 | Lair:4   | Killed a death yak
 15684 | Lair:4   | Killed a death yak
 15685 | Lair:4   | Reached skill level 10 in Armour
 15690 | Lair:4   | Killed a death yak
 15772 | Lair:4   | Reached XP level 13. HP: 113/113 MP: 12/12
 16094 | Lair:5   | Entered Level 5 of the Lair of Beasts
 16596 | Lair:5   | Reached skill level 11 in Armour
 16978 | Lair:5   | Found a staircase to the Slime Pits.
 17951 | Lair:5   | Reached skill level 12 in Armour
 17951 | Lair:5   | Reached skill level 10 in Dodging
 18038 | Lair:5   | Found a corrupted altar of Lugonu.
 18038 | Lair:5   | Found a one-way gate to the infinite horrors of the Abyss.
 18453 | Orc:1    | Entered Level 1 of the Orcish Mines
 18507 | D:9      | Reached ***** piety under Trog
 19116 | Orc:2    | Entered Level 2 of the Orcish Mines
 19379 | Orc:2    | Noticed Azrael
 19393 | Orc:2    | Killed Azrael
 19644 | Orc:2    | Noticed an orc warlord
 19658 | Orc:2    | Killed an orc warlord
 19664 | Orc:2    | Reached XP level 14. HP: 124/124 MP: 13/13
 19787 | Orc:1    | Reached skill level 10 in Ranged Weapons
 20337 | Orc:2    | Noticed Urug
 20357 | Orc:2    | Killed Urug
 20544 | Orc:2    | Reached skill level 13 in Armour
 20614 | Orc:2    | Reached skill level 10 in Shields
 20623 | Orc:2    | Found Ziurgh's General Store.
 20907 | Orc:2    | Bought 2 potions of curing for 84 gold pieces
 20907 | Orc:2    | Bought a potion of might for 56 gold pieces
 20921 | Orc:2    | Found Inueh's Antique Weapon Emporium.
 20929 | Orc:2    | Bought a runed morningstar for 252 gold pieces
 20938 | Orc:2    | Found Pimunoly's Jewellery Emporium.
 20953 | Orc:2    | Found Toskouwk's Antique Armour Emporium.
 21432 | Orc:2    | Found a staircase to the Elven Halls.
 21961 | D:11     | You fall into a shaft and drop 2 floors!
 21975 | D:13     | Found the +7 staff of the Meek {protect, meekguard}
 21978 | D:13     | Received a gift from Trog
 22148 | D:13     | Found Notoorin's Specific Store.
 22152 | D:13     | Found Dyppoc's General Store.
 22596 | D:12     | Noticed Snorg
 22617 | D:12     | Killed Snorg
 22619 | D:12     | Reached skill level 14 in Armour
 22870 | D:12     | Noticed Kirke
 22891 | D:12     | HP: 3/189 [hog[Kirke] (8)]
 22892 | D:12     | Killed Kirke
 22993 | D:12     | Noticed Erolcha
 23000 | D:12     | Killed Erolcha
 23781 | D:11     | Found Hoahehodu's Book Shop.
 24729 | D:13     | Reached skill level 15 in Armour
 24744 | D:13     | Found a runed translucent door.
 24750 | D:13     | Noticed Yqoodd's ghost (journeyman GnWr)
 24759 | D:13     | Killed Yqoodd's ghost
 24961 | D:13     | Found a gate to the Vaults.
 25765 | D:14     | Reached skill level 16 in Armour
 26071 | D:14     | Found a sacrificial altar of Ru.
 26404 | D:14     | Found Faibikhu's Antique Armour Boutique.
 26502 | D:14     | Reached XP level 15. HP: 134/134 MP: 14/14
 26565 | D:14     | Bought a runed cloak for 277 gold pieces
 26771 | D:15     | Entered Level 15 of the Dungeon
 26949 | D:15     | Found a staircase to the Depths.
 27394 | D:15     | Found Xeite's Neck Hole.
 27599 | D:15     | Reached skill level 17 in Armour
 28282 | Swamp:1  | Entered Level 1 of the Swamp
 28751 | Swamp:1  | Found an opulent altar of Gozag.
 29125 | Swamp:2  | Noticed Mlioglotl
 29136 | Swamp:2  | Paralysed by an air elemental for 1 turns
 29140 | Swamp:2  | Noticed a tentacled starspawn
 29586 | Swamp:2  | Killed Mlioglotl
 29740 | Swamp:2  | Reached skill level 18 in Armour
 30850 | Swamp:3  | HP: 4/137 [alligator[a spriggan druid] (15)]
 30851 | Swamp:3  | Mangled by an alligator

Illustrated notes

Levels and vault maps discovered:
D:1:      dpeg_arrival_rooms_c, layout_basic
D:2:      layout_loops_corners, serial_shops, shop, serial_aquarium,
          aquarium_bridge_long_joined [aquarium_subvault_wall,
          aquarium_subvault_bridge, aquarium_subvault_window,
          aquarium_subvault_window, aquarium_subvault_wall,
          aquarium_subvault_window], aquarium_window_2, aquarium_window_fake,
          aquarium_window_1, aquarium_window_corridor_1, aquarium_view_2c,
          aquarium_view_2e, aquarium_pool_five, basic_ecumenical_altar,
          uniq_robin, uniq_crazy_yiuf_cottage
D:3:      layout_basic, serial_undead, serial_undead_b, serial_undead_c,
          serial_undead_a, serial_undead_c, st_stairs_10
D:4:      layout_basic
D:5:      layout_basic, kennysheep_generic_room_8
D:6:      layout_loops_corners, serial_bayou, serial_bayou_ford_a,
          serial_bayou_shore_a, serial_bayou_pond_c, serial_bayou_pond_d,
          uniq_edmund
D:7:      layout_rooms, minitemple, minmay_temple_entry_hall,
          nicolae_kite_square_tiling_tiny, hangedman_decor_diamond_cutter
D:8:      layout_basic, grunt_temple_overflow_open, minmay_misc_feat_cross,
          uniq_gastronok
D:9:      layout_long_grid, mainiacjoe_overflow_surrounded_room, orc_0_dummy
D:10:     layout_basic, erik_lair_orcish_takeover, special_room
          [special_room_orc], grunt_ministairs_10, kennysheep_generic_room_13
D:11:     layout_basic, serial_shops, shop, kb_rosetta
D:12:     layout_roguey, hangedman_abyss_or_decor_clamps,
          nicolae_concentric_dashed_squares_mild, lemuel_flamethrower_hall,
          uniq_snorg, uniq_kirke, uniq_erolcha
D:13:     layout_cave_pools, erik_vaults_1, ebering_ghost_reflecting_pool,
          nicolae_specific_store, minmay_protected_statue
D:14:     layout_long_grid, nicolae_ru_sacrificial_ziggurat,
          kennysheep_windowed_goal
D:15:     gammafunk_depths_entry_grave, layout_irregular_city, eino_curves_02,
          nicolae_shop_sticking_my_neck_out
Temple:   eino_wide_crystal_templ
Lair:1:   layout_loops_ring, serial_forest, infiniplex_forest_lined_room_2,
          infiniplex_forest_end_1, infiniplex_forest_clump_C,
          infiniplex_forest_clump_long, infiniplex_forest_join,
          infiniplex_forest_clump_small, minivault_27, uniq_erica
Lair:2:   layout_misc_corridors
Lair:3:   layout_chaotic_city, minmay_swamp_entry_eels, dummy_snake_entry,
          fungi_pond_lemuel
Lair:4:   layout_gridlike, gauntlet_entry_generic, grunt_megastairs_5
Lair:5:   hellmonk_lair_end_abyssal_woods, layout_cave_pods,
          dpeg_slime_entry_corner, nicolae_lair_run_with_the_wolves
Swamp:1:  layout_falls_marsh, nicolae_swamp_godswood, swamp_pool5,
          nicolae_swamp_oklob_treasure_island
Swamp:2:  layout_basic_swamp, evilmike_swamp_ruin_house_2, uniq_mlioglotl
Swamp:3:  layout_basic_swamp, nicolae_swamp_bean_lake
Orc:1:    layout_caves
Orc:2:    grunt_orc_cross, layout_caves, uniq_azrael

Skill      XL: |  1  2  3  4  5  6  7  8  9 10 11 12 13 14 15 |
---------------+----------------------------------------------+-----
Maces & Flails | 4 5 6 8 9 11 14 15 16 | 16.0
Fighting       | 5 7 8 10 11 12 13 | 13.6
Ranged Weapons | 3 5 6 8 9 11 13 | 13.5
Throwing       | 3 4 |  4.0
Armour         | 5 6 8 10 12 16 18 | 18.8
Dodging        | 4 6 7 9 10 11 12 | 12.4
Shields        | 3 6 8 9 11 12 | 12.3

Action                   |  1- 3 |  4- 6 |  7- 9 | 10-12 | 13-15 || total
-------------------------+-------+-------+-------+-------+-------++-------
Melee: Mace              |    49 |       |       |       |       ||    49
       Headbutt          |     9 |    19 |    43 |   140 |   322 ||   533
       Flail             |    19 |   129 |    21 |       |       ||   169
       Morningstar       |       |       |   147 |   542 |  1306 ||  1995
       Punch             |       |       |     1 |       |       ||     1
       Unarmed           |       |       |       |       |    18 ||    18
 Fire: Sling             |       |       |    28 |    24 |    42 ||    94
Throw: Javelin           |       |       |       |     3 |       ||     3
       Dart              |       |       |       |     1 |       ||     1
Invok: Berserk           |     3 |     3 |    12 |    19 |    32 ||    69
       Trog's Hand       |       |       |     3 |     2 |     5 ||    10
       Brothers in Arms  |       |       |       |     1 |     5 ||     6
Evoke: Wand              |       |       |       |     1 |       ||     1
       Phantom mirror    |       |       |       |       |     1 ||     1
  Use: Scroll            |       |     7 |     5 |    17 |    11 ||    40
       Potion            |       |       |       |       |     4 ||     4
 Stab: Confused          |       |       |       |       |     4 ||     4
Armor: Animal skin       |     5 |       |       |       |       ||     5
       Ring mail         |    18 |    20 |       |       |       ||    38
       Chain mail        |       |    46 |   102 |   233 |       ||   381
       Crystal plate arm |       |       |       |    15 |   914 ||   929
Dodge: Dodged            |    37 |    59 |    74 |   185 |   472 ||   827
Block: Kite shield       |       |       |       |   285 |   782 ||  1067
       Buckler           |       |       |       |       |   138 ||   138
